Detroit Red Wings vs Ottawa Senators

Created - jeudi 15 novembre 2018 at 19:00

Goals
1 2 3 T
Detroit Red Wings 2 1 0 3
Ottawa Senators 1 0 1 2
Shots
1 2 3 T
Detroit Red Wings 13 8 9 30
Ottawa Senators 13 13 13 39

1st period

1. Detroit Red Wings , Teuvo Teravainen 6 (Frans Nielsen 11) at 10:27
2. Detroit Red Wings , Luke Glendening 1 (Tyler Bertuzzi 3, Thomas Vanek 4) at 19:10
3. Ottawa Senators , Nikita Kucherov 6 (Mark Stone 10, Brayden Schenn 10) at 19:24

Penalties :
Travis Hamonic (DET) for Holding Stick (Minor) at 0:15

2nd period

4. Detroit Red Wings , Andreas Athanasiou 5 (Darren Helm 5, Nick Jensen 4) at 4:27

Penalties :
Brayden Schenn (OTT) for Hooking (Minor) at 12:15

3rd period

5. Ottawa Senators , Brayden Schenn 5 (Nikita Kucherov 12, Chris Wideman 4) at 1:30

Penalties :
Travis Hamonic (DET) for Roughing (Minor) at 19:00

Goalie Stats

Jimmy Howard (DET), 37 saves from 39 shots - (0.949), W, 9-6-0, 60:00 minutes
Ben Bishop (OTT), 27 saves from 30 shots - (0.900), L, 13-5-1, 59:11 minutes

Players Stats for Detroit Red Wings

Player Name              G  A  P  +/- PIM S  H  SB GA TA FO     MP     PP MP  PK MP  
------------------------------------------------------------------------------------
Andreas Athanasiou       1  0  1   1  0   2  1  0  0  0  5/8     6:35   0:00   0:22 
Andrew Shaw              0  0  0   1  0   0  1  0  0  0  1/1     9:32   0:09   0:00 
Danny DeKeyser           0  0  0   2  0   0  1  3  0  1  0/0    21:52   0:55   2:11 
Darren Helm              0  1  1   1  0   2  1  1  1  1  0/0    17:13   0:03   1:37 
Frans Nielsen            0  1  1   0  0   0  2  0  0  0  10/17  16:54   0:00   1:05 
Henrik Zetterberg        0  0  0  -1  0   5  0  0  0  0  11/20  17:43   1:04   0:00 
Jonathan Ericsson        0  0  0   0  0   1  0  3  0  0  0/0    16:50   0:00   1:16 
Justin Abdelkader        0  0  0  -1  0   1  7  0  0  0  0/2    18:33   0:52   1:15 
Luke Glendening          1  0  1   1  0   3  0  0  1  0  3/5    10:32   0:52   1:37 
Mattias Janmark          0  0  0   1  0   4  2  0  0  0  0/0    15:41   0:58   0:00 
Mike Green               0  0  0  -1  0   0  1  4  1  2  0/0    21:34   0:00   1:42 
Nick Jensen              0  1  1   0  0   2  1  3  0  1  0/0    18:00   1:04   0:44 
Niklas Kronwall          0  0  0  -1  0   2  1  5  0  1  0/0    21:58   1:04   0:03 
Teuvo Teravainen         1  0  1   0  0   2  1  0  1  1  0/1    16:45   0:58   0:00 
Thomas Vanek             0  1  1   0  0   2  2  0  0  0  0/1    15:47   0:00   0:00 
Tomas Tatar              0  0  0  -1  0   1  2  0  0  1  1/1    17:31   0:52   0:00 
Travis Hamonic           0  0  0   2  4   0  2  0  0  0  0/0    19:33   0:55   0:00 
Tyler Bertuzzi           0  1  1   1  0   3  3  3  0  0  4/8    14:27   0:09   0:00 

Players Stats for Ottawa Senators

Player Name              G  A  P  +/- PIM S  H  SB GA TA FO     MP     PP MP  PK MP  
------------------------------------------------------------------------------------
Brandon Saad             0  0  0   0  0   1  2  0  0  0  1/1    16:36   1:21   0:15 
Brayden Schenn           1  1  2   0  2   3  1  1  0  0  9/19   17:24   1:25   0:00 
Charlie Coyle            0  0  0  -1  0   0  2  0  0  0  1/1    14:04   0:04   0:13 
Chris Wideman            0  1  1   1  0   0  3  3  0  0  0/0    18:15   1:31   0:57 
Christopher DiDomenico   0  0  0   0  0   2  1  0  1  0  0/0    15:49   0:00   0:55 
Cody Ceci                0  0  0  -1  0   2  0  0  0  0  0/0    23:16   0:00   1:02 
Dion Phaneuf             0  0  0  -2  0   0  4  0  0  0  0/0    23:36   0:00   0:57 
Dylan Larkin             0  0  0   0  0   5  3  0  1  0  10/19  16:27   1:33   0:00 
Erik Karlsson            0  0  0   0  0   2  1  0  0  0  0/0    19:22   1:27   1:02 
Jean-Gabriel Pageau      0  0  0  -1  0   2  2  1  0  0  5/13   14:40   0:00   0:57 
Jim O'Brien              0  0  0   0  0   0  1  2  0  0  0/0    10:26   0:00   0:00 
Mark Stone               0  1  1   0  0   5  1  0  1  1  1/1    17:29   1:33   0:00 
Michael Cammalleri       0  0  0   0  0   2  0  0  0  2  1/5    11:23   0:04   0:49 
Nail Yakupov             0  0  0   0  0   3  2  0  0  0  0/2    10:26   0:00   0:00 
Nikita Kucherov          1  1  2   0  0   7  1  1  3  0  0/1    17:29   1:33   0:00 
Ryan Dzingel             0  0  0  -1  0   3  3  0  0  0  1/2    15:47   1:21   0:49 
Sami Vatanen             0  0  0  -1  0   1  0  2  0  0  0/0    18:17   1:27   0:00 
Thomas Chabot            0  0  0   1  0   1  0  0  2  1  0/0    17:14   1:31   0:00 

3 Stars

1 - Jimmy Howard (DET)
2 - Nikita Kucherov (OTT)
3 - Andreas Athanasiou (DET)

Power Play

Detroit Red Wings - 0 on 1 Attempt(s) - 0.00%
Ottawa Senators - 0 on 2 Attempt(s) - 0.00%

Penalty Kill

Detroit Red Wings - 2 on 2 Attempt(s) - 100.00% - Score 0 goal in Penalty Kill
Ottawa Senators - 1 on 1 Attempt(s) - 100.00% - Score 0 goal in Penalty Kill

Team Stat

Detroit Red Wings - Hits : 28 - Faceoff Wins : 35 - Blocked Shots : 22 - Penalty Minutes : 4
Ottawa Senators - Hits : 27 - Faceoff Wins : 29 - Blocked Shots : 10 - Penalty Minutes : 2

Official

Referees : Gord Dwyer and Graham Skilliter
Linesman : Bryan Pancich and Andrew Smith

Game Notes

11:30 of 1st period - Ottawa Senators goal is going for a video replay. After video review, No Goal. The goalkeeper has been pushed into the net together with the puck after making a save.
Andreas Athanasiou is injured at 5:42 of 2nd period (Sore Left Knee)

Finance

Level 1 -- Attendance: 9819 (92.63%) -- Ticket Income fr. 785'520
Level 2 -- Attendance: 1934 (87.91%) -- Ticket Income fr. 125'710
Level 3 -- Attendance: 2681 (72.46%) -- Ticket Income fr. 93'835
Level 4 -- Attendance: 1336 (92.14%) -- Ticket Income fr. 26'720
Luxury Box -- Attendance: 46 (92.00%) -- Ticket Income fr. 9'200
Game was played at the Canadian Tire Centre.
Total Attendance: 15816 (87.87%)
Total Ticket Income: fr. 1'040'985
Total Income: fr. 1'040'985

Detroit Red Wings

5 vs 5 Forward 
   Center                   Left Wing                Right Wing               Time % Phy DF OF 
 1 Henrik Zetterberg        Tomas Tatar              Justin Abdelkader        31     0   1  4  
 2 Frans Nielsen            Thomas Vanek             Teuvo Teravainen         28     0   2  3  
 3 Andreas Athanasiou       Mattias Janmark          Darren Helm              26     0   2  3  
 4 Luke Glendening          Tyler Bertuzzi           Andrew Shaw              15     0   4  1  

5 vs 5 Defense 
   Defense                  Defense                                           Time % Phy DF OF 
 1 Mike Green               Niklas Kronwall                                   38     0   2  3  
 2 Travis Hamonic           Danny DeKeyser                                    33     0   2  3  
 3 Jonathan Ericsson        Nick Jensen                                       29     0   4  1  
 4 Danny DeKeyser           Niklas Kronwall                                   0      1   2  2  

PowerPlay Forward 
   Center                   Left Wing                Right Wing               Time % Phy DF OF 
 1 Henrik Zetterberg        Teuvo Teravainen         Mattias Janmark          60     1   1  3  
 2 Luke Glendening          Justin Abdelkader        Tomas Tatar              40     1   1  3  

PowerPlay Defense
   Defense                  Defense                                           Time % Phy DF OF 
 1 Niklas Kronwall          Nick Jensen                                       60     1   2  2  
 2 Travis Hamonic           Danny DeKeyser                                    40     1   2  2  

Penalty Kill 4 Players Forward 
   Center                   Wing                     Time % Phy DF OF 
 1 Frans Nielsen            Justin Abdelkader        50     1   4  0  
 2 Luke Glendening          Darren Helm              50     1   4  0  

Penalty Kill 4 Players Defense
   Defense                  Defense                  Time % Phy DF OF 
 1 Danny DeKeyser           Mike Green               50     0   5  0  
 2 Travis Hamonic           Jonathan Ericsson        50     0   5  0  

Penalty Kill - 3 Players Forward 
   Forward                                           Time % Phy DF OF 
 1 Mattias Janmark                                   50     0   5  0  
 2 Andrew Shaw                                       50     0   5  0  

Penalty Kill - 3 Players Defense
   Defense                  Defense                  Time % Phy DF OF 
 1 Danny DeKeyser           Mike Green               50     1   4  0  
 2 Travis Hamonic           Jonathan Ericsson        50     1   4  0  

4 vs 4 Forward 
   Center                   Wing                     Time % Phy DF OF 
 1 Teuvo Teravainen         Darren Helm              50     0   2  3  
 2 Henrik Zetterberg        Andreas Athanasiou       50     0   2  3  

4 vs 4 Defense
   Defense                  Defense                  Time % Phy DF OF 
 1 Danny DeKeyser           Nick Jensen              50     1   2  2  
 2 Mike Green               Jonathan Ericsson        50     1   2  2  

Last Minutes Offensive
   Center                   Left Wing                Right Wing               Defense                  Defense                  
   Henrik Zetterberg        Tomas Tatar              Thomas Vanek             Niklas Kronwall          Mike Green               

Last Minutes Defensive
   Center                   Left Wing                Right Wing               Defense                  Defense                  
   Luke Glendening          Frans Nielsen            Darren Helm              Travis Hamonic           Danny DeKeyser           

Goaltenders
Starting : Jimmy Howard             
Backup : Petr Mrazek              

Extra Forwards
Normal : Mattias Janmark, Andreas Athanasiou, Tyler Bertuzzi - PP : Mattias Janmark, Tyler Bertuzzi - PK : Luke Glendening
Extra Defensemen
Normal : Niklas Kronwall, Nick Jensen, Travis Hamonic - PP : Mike Green - PK : Nick Jensen, Travis Hamonic
Penalty Shots
Justin Abdelkader, Teuvo Teravainen, Thomas Vanek, Tomas Tatar, Andreas Athanasiou
Custom OT Lines Forwards
Henrik Zetterberg, Teuvo Teravainen, Thomas Vanek, Frans Nielsen, Tomas Tatar, Darren Helm, Mattias Janmark, Tyler Bertuzzi, Andreas Athanasiou, Justin Abdelkader
Custom OT Lines Defensemen
Danny DeKeyser, Mike Green, Travis Hamonic, Niklas Kronwall, Jonathan Ericsson

Scratches
Alan Quine (Healthy), Xavier Ouellet (Healthy)

Ottawa Senators

5 vs 5 Forward 
   Center                   Left Wing                Right Wing               Time % Phy DF OF 
 1 Brayden Schenn           Nikita Kucherov          Mark Stone               28     0   2  3  
 2 Dylan Larkin             Brandon Saad             Christopher DiDomenico   28     0   2  3  
 3 Jean-Gabriel Pageau      Ryan Dzingel             Charlie Coyle            25     0   3  2  
 4 Michael Cammalleri       Nail Yakupov             Jim O'Brien              19     0   4  1  

5 vs 5 Defense 
   Defense                  Defense                                           Time % Phy DF OF 
 1 Erik Karlsson            Cody Ceci                                         31     0   3  2  
 2 Dion Phaneuf             Sami Vatanen                                      30     0   3  2  
 3 Thomas Chabot            Chris Wideman                                     25     0   4  1  
 4 Cody Ceci                Dion Phaneuf                                      14     0   4  1  

PowerPlay Forward 
   Center                   Left Wing                Right Wing               Time % Phy DF OF 
 1 Dylan Larkin             Nikita Kucherov          Mark Stone               50     0   0  5  
 2 Brayden Schenn           Brandon Saad             Ryan Dzingel             50     0   0  5  

PowerPlay Defense
   Defense                  Defense                                           Time % Phy DF OF 
 1 Erik Karlsson            Sami Vatanen                                      50     0   1  4  
 2 Chris Wideman            Thomas Chabot                                     50     0   1  4  

Penalty Kill 4 Players Forward 
   Center                   Wing                     Time % Phy DF OF 
 1 Jean-Gabriel Pageau      Christopher DiDomenico   50     0   5  0  
 2 Michael Cammalleri       Ryan Dzingel             50     0   5  0  

Penalty Kill 4 Players Defense
   Defense                  Defense                  Time % Phy DF OF 
 1 Dion Phaneuf             Chris Wideman            50     0   5  0  
 2 Erik Karlsson            Cody Ceci                50     0   5  0  

Penalty Kill - 3 Players Forward 
   Forward                                           Time % Phy DF OF 
 1 Michael Cammalleri                                50     0   5  0  
 2 Jean-Gabriel Pageau                               50     0   5  0  

Penalty Kill - 3 Players Defense
   Defense                  Defense                  Time % Phy DF OF 
 1 Dion Phaneuf             Cody Ceci                50     0   5  0  
 2 Chris Wideman            Sami Vatanen             50     0   5  0  

4 vs 4 Forward 
   Center                   Wing                     Time % Phy DF OF 
 1 Brayden Schenn           Nikita Kucherov          50     0   2  3  
 2 Dylan Larkin             Mark Stone               50     0   2  3  

4 vs 4 Defense
   Defense                  Defense                  Time % Phy DF OF 
 1 Erik Karlsson            Cody Ceci                50     0   2  3  
 2 Thomas Chabot            Sami Vatanen             50     0   2  3  

Last Minutes Offensive
   Center                   Left Wing                Right Wing               Defense                  Defense                  
   Brayden Schenn           Nikita Kucherov          Mark Stone               Erik Karlsson            Sami Vatanen             

Last Minutes Defensive
   Center                   Left Wing                Right Wing               Defense                  Defense                  
   Jean-Gabriel Pageau      Brandon Saad             Ryan Dzingel             Dion Phaneuf             Cody Ceci                

Goaltenders
Starting : Ben Bishop               
Backup : Andrew Hammond           

Extra Forwards
Normal : Brayden Schenn, Dylan Larkin, Charlie Coyle - PP : Nikita Kucherov, Mark Stone - PK : Jean-Gabriel Pageau
Extra Defensemen
Normal : Sami Vatanen, Chris Wideman, Thomas Chabot - PP : Erik Karlsson - PK : Cody Ceci, Dion Phaneuf
Penalty Shots
Nikita Kucherov, Brandon Saad, Mark Stone, Brayden Schenn, Nail Yakupov
Custom OT Lines Forwards
Brayden Schenn, Dylan Larkin, Nikita Kucherov, Mark Stone, Charlie Coyle, Brandon Saad, Jean-Gabriel Pageau, Ryan Dzingel, Michael Cammalleri, Christopher DiDomenico
Custom OT Lines Defensemen
Erik Karlsson, Cody Ceci, Sami Vatanen, Dion Phaneuf, Thomas Chabot

Scratches
Max McCormick (Healthy), Nathan Beaulieu (Healthy), Tyson Jost (Bruised Left Leg Injury)

% Time on Ice - Detroit Red Wings

Lines # - Real PCT - Wanted PCT - Time Play
Normal Forward
1 - 31% - 31% - 17:02
2 - 29% - 28% - 15:47
3 - 26% - 26% - 14:11
4 - 14% - 15% - 7:47
Normal Defense
1 - 38% - 38% - 20:39
2 - 33% - 33% - 17:51
3 - 29% - 29% - 16:05
4 - 0% - 0% - 0:12
PP Forward
1 - 56% - 60% - 1:07
2 - 44% - 40% - 0:52
PP Defense
1 - 54% - 60% - 1:04
2 - 46% - 40% - 0:55
PK Forward
1 - 37% - 50% - 1:05
2 - 63% - 50% - 1:53
PK Defense
1 - 56% - 50% - 1:39
2 - 44% - 50% - 1:19
PK3 Forward
1 - 0% - 50%
2 - 0% - 50%
PK3 Defense
1 - 0% - 50%
2 - 0% - 50%
44 Forward
1 - 0% - 50%
2 - 0% - 50%
44 Defense
1 - 0% - 50%
2 - 0% - 50%
Last Minute Offensive  - 0:00
Last Minute Defensive  - 0:16
Total
Forward - 60:00
Defense - 60:00

% Time on Ice - Ottawa Senators

Lines # - Real PCT - Wanted PCT - Time Play
Normal Forward
1 - 29% - 28% - 15:43
2 - 27% - 28% - 14:58
3 - 25% - 25% - 13:43
4 - 19% - 19% - 10:26
Normal Defense
1 - 30% - 31% - 16:41
2 - 30% - 30% - 16:30
3 - 29% - 25% - 15:39
4 - 11% - 14% - 6:00
PP Forward
1 - 52% - 50% - 1:33
2 - 48% - 50% - 1:25
PP Defense
1 - 49% - 50% - 1:27
2 - 51% - 50% - 1:31
PK Forward
1 - 51% - 50% - 1:01
2 - 49% - 50% - 0:58
PK Defense
1 - 48% - 50% - 0:57
2 - 52% - 50% - 1:02
PK3 Forward
1 - 0% - 50%
2 - 0% - 50%
PK3 Defense
1 - 0% - 50%
2 - 0% - 50%
44 Forward
1 - 0% - 50%
2 - 0% - 50%
44 Defense
1 - 0% - 50%
2 - 0% - 50%
Last Minute Offensive  - 0:13
Last Minute Defensive  - 0:00
Total
Forward - 60:00
Defense - 60:00

Play-by-Play

1st period


0:01 of 1st period - Brayden Schenn wins face-off versus Henrik Zetterberg in neutral zone.
0:08 of 1st period - Wrist shot by Nikita Kucherov.
0:08 of 1st period - Stopped by Jimmy Howard with a rebound.
0:10 of 1st period - Slapshot by Mark Stone.
0:10 of 1st period - Stopped by Jimmy Howard with a rebound.
0:12 of 1st period - Slapshot by Nikita Kucherov.
0:12 of 1st period - Stopped by Jimmy Howard without a rebound.
0:13 of 1st period - Frans Nielsen wins face-off versus Dylan Larkin in Detroit Red Wings zone.
0:15 of 1st period - Minor Penalty to Travis Hamonic for Holding Stick.
0:16 of 1st period - Dylan Larkin wins face-off versus Justin Abdelkader in Detroit Red Wings zone.
0:16 of 1st period - Snap shot by Nikita Kucherov.
0:16 of 1st period - Stopped by Jimmy Howard without a rebound.
0:17 of 1st period - Frans Nielsen wins face-off versus Dylan Larkin in Detroit Red Wings zone.
0:17 of 1st period - Frans Nielsen is hit by Erik Karlsson.
1:56 of 1st period - Danny DeKeyser is hit by Chris Wideman and loses puck.
2:15 of 1st period - Penalty to Travis Hamonic is over, Travis Hamonic is back on ice.
3:08 of 1st period - Cody Ceci is hit by Travis Hamonic and loses puck.
4:23 of 1st period - Mark Stone is hit by Mattias Janmark and loses puck.
4:34 of 1st period - Danny DeKeyser is hit by Nikita Kucherov and loses puck.
5:03 of 1st period - Danny DeKeyser is hit by Charlie Coyle and loses puck.
5:23 of 1st period - Dion Phaneuf is hit by Frans Nielsen and loses puck.
5:42 of 1st period - Ryan Dzingel is hit by Andreas Athanasiou and loses puck.
6:19 of 1st period - Travis Hamonic is hit by Nail Yakupov and loses puck.
6:41 of 1st period - Christopher DiDomenico is hit by Mattias Janmark.
6:53 of 1st period - Brayden Schenn is hit by Nick Jensen and loses puck.
7:06 of 1st period - Nail Yakupov is hit by Tomas Tatar and loses puck.
7:23 of 1st period - Jim O'Brien is hit by Tyler Bertuzzi and loses puck.
8:14 of 1st period - Snap shot by Danny DeKeyser.
8:14 of 1st period - Deflect By Luke Glendening.
8:14 of 1st period - Shot Misses the Net.
8:14 of 1st period - Puck is out of play.
8:15 of 1st period - Dylan Larkin wins face-off versus Tyler Bertuzzi in Ottawa Senators zone.
8:20 of 1st period - Nick Jensen is hit by Dylan Larkin and loses puck.
8:25 of 1st period - Slapshot by Erik Karlsson.
8:25 of 1st period - Shot Blocked by Tyler Bertuzzi.
8:27 of 1st period - Snap shot by Christopher DiDomenico.
8:27 of 1st period - Shot Misses the Net.
8:51 of 1st period - Sami Vatanen is hit by Tyler Bertuzzi and loses puck.
8:56 of 1st period - Snap shot by Andrew Shaw.
8:56 of 1st period - Shot Misses the Net.
8:58 of 1st period - Wrist shot by Luke Glendening.
8:58 of 1st period - Stopped by Ben Bishop with a rebound.
9:00 of 1st period - Slapshot by Andrew Shaw.
9:00 of 1st period - Shot Misses the Net.
9:02 of 1st period - Wrist shot by Luke Glendening.
9:02 of 1st period - Stopped by Ben Bishop with a rebound.
9:04 of 1st period - Slapshot by Nick Jensen.
9:04 of 1st period - Stopped by Ben Bishop without a rebound.
9:05 of 1st period - Andreas Athanasiou wins face-off versus Brayden Schenn in Ottawa Senators zone.
9:10 of 1st period - Snap shot by Darren Helm.
9:10 of 1st period - Stopped by Ben Bishop without a rebound.
9:11 of 1st period - Brayden Schenn wins face-off versus Andreas Athanasiou in Ottawa Senators zone.
9:11 of 1st period - Brayden Schenn is hit by Mike Green.
9:41 of 1st period - Snap shot by Ryan Dzingel.
9:41 of 1st period - Stopped by Jimmy Howard without a rebound.
9:42 of 1st period - Henrik Zetterberg wins face-off versus Jean-Gabriel Pageau in Detroit Red Wings zone.
9:51 of 1st period - Snap shot by Ryan Dzingel.
9:51 of 1st period - Shot Blocked by Danny DeKeyser.
9:53 of 1st period - Snap shot by Charlie Coyle.
9:53 of 1st period - Shot Blocked by Danny DeKeyser.
10:07 of 1st period - Wrist shot by Ryan Dzingel.
10:07 of 1st period - Stopped by Jimmy Howard without a rebound.
10:08 of 1st period - Mark Stone wins face-off versus Frans Nielsen in Detroit Red Wings zone.
10:11 of 1st period - Snap shot by Mark Stone.
10:11 of 1st period - Stopped by Jimmy Howard without a rebound.
10:12 of 1st period - Brayden Schenn wins face-off versus Frans Nielsen in Detroit Red Wings zone.
10:27 of 1st period - Snap shot by Teuvo Teravainen.
10:27 of 1st period - Goal by Teuvo Teravainen - Detroit Red Wings : 1 - Ottawa Senators : 0.
10:28 of 1st period - Brandon Saad wins face-off versus Andreas Athanasiou in neutral zone.
10:37 of 1st period - Snap shot by Brandon Saad.
10:37 of 1st period - Stopped by Jimmy Howard with a rebound.
11:28 of 1st period - Slapshot by Dylan Larkin.
11:28 of 1st period - Shot Misses the Net.
11:30 of 1st period - Wrist shot by Dylan Larkin.
11:30 of 1st period - Ottawa Senators goal is going for a video replay.
11:30 of 1st period - The goal is refused. The goalkeeper has been pushed into the net together with the puck after making a save..
11:31 of 1st period - Henrik Zetterberg wins face-off versus Jean-Gabriel Pageau in Detroit Red Wings zone.
12:53 of 1st period - Erik Karlsson is hit by Justin Abdelkader and loses puck.
13:03 of 1st period - Icing by Danny DeKeyser.
13:04 of 1st period - Andreas Athanasiou wins face-off versus Nail Yakupov in Detroit Red Wings zone.
13:09 of 1st period - Slapshot by Mike Green.
13:09 of 1st period - Shot Blocked by Sami Vatanen.
13:11 of 1st period - Snap shot by Mattias Janmark.
13:11 of 1st period - Stopped by Ben Bishop with a rebound.
13:13 of 1st period - Snap shot by Mattias Janmark.
13:13 of 1st period - Stopped by Ben Bishop with a rebound.
13:15 of 1st period - Slapshot by Niklas Kronwall.
13:15 of 1st period - Stopped by Ben Bishop without a rebound.
13:16 of 1st period - Tomas Tatar wins face-off versus Jean-Gabriel Pageau in Ottawa Senators zone.
13:23 of 1st period - Snap shot by Justin Abdelkader.
13:23 of 1st period - Shot Misses the Net.
13:25 of 1st period - Slapshot by Jonathan Ericsson.
13:25 of 1st period - Deflect By Henrik Zetterberg.
13:25 of 1st period - Shot Misses the Net.
13:25 of 1st period - Puck is out of play.
13:26 of 1st period - Jean-Gabriel Pageau wins face-off versus Henrik Zetterberg in Ottawa Senators zone.
14:00 of 1st period - Snap shot by Henrik Zetterberg.
14:00 of 1st period - Stopped by Ben Bishop with a rebound.
14:02 of 1st period - Wrist shot by Henrik Zetterberg.
14:02 of 1st period - Shot Blocked by Sami Vatanen.
14:04 of 1st period - Wrist shot by Justin Abdelkader.
14:04 of 1st period - Shot Misses the Net.
14:22 of 1st period - Wrist shot by Ryan Dzingel.
14:22 of 1st period - Shot Blocked by Jonathan Ericsson.
14:38 of 1st period - Dion Phaneuf is hit by Justin Abdelkader and loses puck.
14:43 of 1st period - Snap shot by Henrik Zetterberg.
14:43 of 1st period - Stopped by Ben Bishop without a rebound.
14:44 of 1st period - Andreas Athanasiou wins face-off versus Brayden Schenn in Ottawa Senators zone.
15:01 of 1st period - Snap shot by Nikita Kucherov.
15:01 of 1st period - Shot Misses the Net.
15:34 of 1st period - Off-side.
15:35 of 1st period - Dylan Larkin wins face-off versus Teuvo Teravainen in neutral zone.
17:00 of 1st period - Wrist shot by Charlie Coyle.
17:00 of 1st period - Shot Blocked by Niklas Kronwall.
17:34 of 1st period - Snap shot by Michael Cammalleri.
17:34 of 1st period - Stopped by Jimmy Howard without a rebound.
17:35 of 1st period - Luke Glendening wins face-off versus Brayden Schenn in Detroit Red Wings zone.
17:44 of 1st period - Wrist shot by Mark Stone.
17:44 of 1st period - Shot Misses the Net.
17:46 of 1st period - Snap shot by Cody Ceci.
17:46 of 1st period - Stopped by Jimmy Howard with a rebound.
17:48 of 1st period - Wrist shot by Mark Stone.
17:48 of 1st period - Stopped by Jimmy Howard with a rebound.
17:50 of 1st period - Slapshot by Erik Karlsson.
17:50 of 1st period - Shot Misses the Net.
18:02 of 1st period - Slapshot by Erik Karlsson.
18:02 of 1st period - Shot Blocked by Nick Jensen.
18:22 of 1st period - Slapshot by Darren Helm.
18:22 of 1st period - Stopped by Ben Bishop with a rebound.
18:24 of 1st period - Snap shot by Andreas Athanasiou.
18:24 of 1st period - Stopped by Ben Bishop with a rebound.
18:46 of 1st period - Wrist shot by Thomas Vanek.
18:46 of 1st period - Shot Blocked by Jean-Gabriel Pageau.
18:48 of 1st period - Wrist shot by Frans Nielsen.
18:48 of 1st period - Shot Misses the Net.
19:06 of 1st period - Snap shot by Luke Glendening.
19:06 of 1st period - Shot Misses the Net.
19:08 of 1st period - Snap shot by Luke Glendening.
19:08 of 1st period - Shot Misses the Net.
19:10 of 1st period - Snap shot by Luke Glendening.
19:10 of 1st period - Goal by Luke Glendening - Detroit Red Wings : 2 - Ottawa Senators : 0.
19:11 of 1st period - Brayden Schenn wins face-off versus Frans Nielsen in neutral zone.
19:22 of 1st period - Snap shot by Nikita Kucherov.
19:22 of 1st period - Shot Misses the Net.
19:24 of 1st period - Backhand shot by Nikita Kucherov.
19:24 of 1st period - Goal by Nikita Kucherov - Detroit Red Wings : 2 - Ottawa Senators : 1.
19:25 of 1st period - Andreas Athanasiou wins face-off versus Dylan Larkin in neutral zone.
19:40 of 1st period - Snap shot by Dylan Larkin.
19:40 of 1st period - Shot Blocked by Mike Green.
Goals for this period are 2 for Detroit Red Wings vs 1 for Ottawa Senators.
Shots for this period are 13 for Detroit Red Wings vs 13 for Ottawa Senators.

2nd period


0:01 of 2nd period - Henrik Zetterberg wins face-off versus Brayden Schenn in neutral zone.
0:10 of 2nd period - Slapshot by Henrik Zetterberg.
0:10 of 2nd period - Stopped by Ben Bishop with a rebound.
0:12 of 2nd period - Slapshot by Niklas Kronwall.
0:12 of 2nd period - Shot Misses the Net.
0:14 of 2nd period - Wrist shot by Justin Abdelkader.
0:14 of 2nd period - Shot Misses the Net.
0:16 of 2nd period - Wrist shot by Justin Abdelkader.
0:16 of 2nd period - Shot Blocked by Nikita Kucherov.
0:26 of 2nd period - Niklas Kronwall is hit by Dion Phaneuf and loses puck.
0:51 of 2nd period - Snap shot by Mattias Janmark.
0:51 of 2nd period - Stopped by Ben Bishop without a rebound.
0:52 of 2nd period - Henrik Zetterberg wins face-off versus Brayden Schenn in Ottawa Senators zone.
1:01 of 2nd period - Snap shot by Mark Stone.
1:01 of 2nd period - Shot Misses the Net.
1:05 of 2nd period - Slapshot by Brayden Schenn.
1:05 of 2nd period - Stopped by Jimmy Howard without a rebound.
1:06 of 2nd period - Frans Nielsen wins face-off versus Dylan Larkin in Detroit Red Wings zone.
1:31 of 2nd period - Tomas Tatar is hit by Chris Wideman and loses puck.
1:42 of 2nd period - Slapshot by Mark Stone.
1:42 of 2nd period - Shot Misses the Net.
1:44 of 2nd period - Snap shot by Erik Karlsson.
1:44 of 2nd period - Shot Misses the Net.
2:16 of 2nd period - Tomas Tatar is hit by Ryan Dzingel and loses puck.
2:25 of 2nd period - Snap shot by Ryan Dzingel.
2:25 of 2nd period - Stopped by Jimmy Howard with a rebound.
2:36 of 2nd period - Icing by Mike Green.
2:37 of 2nd period - Dylan Larkin wins face-off versus Frans Nielsen in Detroit Red Wings zone.
3:46 of 2nd period - Wrist shot by Nail Yakupov.
3:46 of 2nd period - Stopped by Jimmy Howard with a rebound.
3:48 of 2nd period - Backhand shot by Nail Yakupov.
3:48 of 2nd period - Stopped by Jimmy Howard without a rebound.
3:49 of 2nd period - Dylan Larkin wins face-off versus Andreas Athanasiou in Detroit Red Wings zone.
3:56 of 2nd period - Snap shot by Dylan Larkin.
3:56 of 2nd period - Shot Misses the Net.
4:21 of 2nd period - Slapshot by Andreas Athanasiou.
4:21 of 2nd period - Shot Misses the Net.
4:27 of 2nd period - Snap shot by Andreas Athanasiou.
4:27 of 2nd period - Goal by Andreas Athanasiou - Detroit Red Wings : 3 - Ottawa Senators : 1.
4:28 of 2nd period - Brayden Schenn wins face-off versus Thomas Vanek in neutral zone.
4:39 of 2nd period - Teuvo Teravainen is hit by Brayden Schenn and loses puck.
4:56 of 2nd period - Slapshot by Henrik Zetterberg.
4:56 of 2nd period - Stopped by Ben Bishop without a rebound.
4:57 of 2nd period - Dylan Larkin wins face-off versus Henrik Zetterberg in Ottawa Senators zone.
5:16 of 2nd period - Snap shot by Dylan Larkin.
5:16 of 2nd period - Shot Blocked by Jonathan Ericsson.
5:18 of 2nd period - Snap shot by Brandon Saad.
5:18 of 2nd period - Shot Misses the Net.
5:26 of 2nd period - Snap shot by Tomas Tatar.
5:26 of 2nd period - Stopped by Ben Bishop without a rebound.
5:27 of 2nd period - Frans Nielsen wins face-off versus Brayden Schenn in Ottawa Senators zone.
5:28 of 2nd period - Slapshot by Teuvo Teravainen.
5:28 of 2nd period - Stopped by Ben Bishop with a rebound.
5:38 of 2nd period - Slapshot by Nikita Kucherov.
5:38 of 2nd period - Stopped by Jimmy Howard with a rebound.
5:40 of 2nd period - Slapshot by Thomas Chabot.
5:40 of 2nd period - Deflect By Nikita Kucherov.
5:40 of 2nd period - Stopped by Jimmy Howard without a rebound.
5:41 of 2nd period - Andreas Athanasiou wins face-off versus Michael Cammalleri in Detroit Red Wings zone.
5:41 of 2nd period - Andreas Athanasiou is hit by Nail Yakupov.
5:42 of 2nd period - Andreas Athanasiou from Detroit Red Wings is injured at 5:42 of 2nd period (Sore Left Knee).
5:43 of 2nd period - Tyler Bertuzzi wins face-off versus Michael Cammalleri in Detroit Red Wings zone.
6:15 of 2nd period - Backhand shot by Tomas Tatar.
6:15 of 2nd period - Shot Blocked by Jim O'Brien.
6:17 of 2nd period - Wrist shot by Tomas Tatar.
6:17 of 2nd period - Deflect By Michael Cammalleri.
6:17 of 2nd period - Shot Blocked by Jim O'Brien.
6:17 of 2nd period - Puck is out of play.
6:18 of 2nd period - Ryan Dzingel wins face-off versus Frans Nielsen in Ottawa Senators zone.
6:29 of 2nd period - Thomas Vanek is hit by Ryan Dzingel and loses puck.
6:42 of 2nd period - Mark Stone is hit by Darren Helm and loses puck.
6:49 of 2nd period - Slapshot by Darren Helm.
6:49 of 2nd period - Shot Blocked by Chris Wideman.
6:51 of 2nd period - Wrist shot by Mattias Janmark.
6:51 of 2nd period - Shot Misses the Net.
7:07 of 2nd period - Brandon Saad is hit by Niklas Kronwall and loses puck.
7:22 of 2nd period - Icing by Christopher DiDomenico.
7:23 of 2nd period - Frans Nielsen wins face-off versus Dylan Larkin in Ottawa Senators zone.
7:56 of 2nd period - Snap shot by Erik Karlsson.
7:56 of 2nd period - Stopped by Jimmy Howard with a rebound.
7:58 of 2nd period - Slapshot by Sami Vatanen.
7:58 of 2nd period - Shot Blocked by Danny DeKeyser.
8:00 of 2nd period - Snap shot by Dion Phaneuf.
8:00 of 2nd period - Shot Misses the Net.
8:02 of 2nd period - Snap shot by Dylan Larkin.
8:02 of 2nd period - Stopped by Jimmy Howard with a rebound.
8:04 of 2nd period - Snap shot by Christopher DiDomenico.
8:04 of 2nd period - Stopped by Jimmy Howard without a rebound.
8:05 of 2nd period - Charlie Coyle wins face-off versus Henrik Zetterberg in Detroit Red Wings zone.
8:18 of 2nd period - Snap shot by Ryan Dzingel.
8:18 of 2nd period - Shot Blocked by Jonathan Ericsson.
8:32 of 2nd period - Mark Stone is hit by Frans Nielsen and loses puck.
9:21 of 2nd period - Slapshot by Charlie Coyle.
9:21 of 2nd period - Shot Misses the Net.
10:27 of 2nd period - Chris Wideman is hit by Justin Abdelkader.
10:45 of 2nd period - Mark Stone is hit by Justin Abdelkader and loses puck.
11:15 of 2nd period - Icing by Danny DeKeyser.
11:16 of 2nd period - Dylan Larkin wins face-off versus Luke Glendening in Detroit Red Wings zone.
11:19 of 2nd period - Backhand shot by Christopher DiDomenico.
11:19 of 2nd period - Stopped by Jimmy Howard with a rebound.
11:21 of 2nd period - Wrist shot by Dylan Larkin.
11:21 of 2nd period - Shot Blocked by Darren Helm.
11:25 of 2nd period - Snap shot by Brandon Saad.
11:25 of 2nd period - Shot Misses the Net.
11:27 of 2nd period - Snap shot by Christopher DiDomenico.
11:27 of 2nd period - Shot Blocked by Tyler Bertuzzi.
11:29 of 2nd period - Slapshot by Sami Vatanen.
11:29 of 2nd period - Shot Misses the Net.
11:35 of 2nd period - Snap shot by Brandon Saad.
11:35 of 2nd period - Shot Misses the Net.
11:53 of 2nd period - Wrist shot by Erik Karlsson.
11:53 of 2nd period - Stopped by Jimmy Howard without a rebound.
11:54 of 2nd period - Brayden Schenn wins face-off versus Henrik Zetterberg in Detroit Red Wings zone.
11:55 of 2nd period - Slapshot by Nikita Kucherov.
11:55 of 2nd period - Shot Blocked by Nick Jensen.
12:05 of 2nd period - Snap shot by Henrik Zetterberg.
12:05 of 2nd period - Stopped by Ben Bishop with a rebound.
12:07 of 2nd period - Wrist shot by Henrik Zetterberg.
12:07 of 2nd period - Shot Misses the Net.
12:09 of 2nd period - Slapshot by Nick Jensen.
12:09 of 2nd period - Stopped by Ben Bishop with a rebound.
12:15 of 2nd period - Minor Penalty to Brayden Schenn for Hooking.
12:16 of 2nd period - Henrik Zetterberg wins face-off versus Jean-Gabriel Pageau in Ottawa Senators zone.
12:23 of 2nd period - Snap shot by Teuvo Teravainen.
12:23 of 2nd period - Shot Misses the Net.
12:41 of 2nd period - Niklas Kronwall is hit by Dion Phaneuf and loses puck.
12:48 of 2nd period - Snap shot by Luke Glendening.
12:48 of 2nd period - Shot Misses the Net.
13:06 of 2nd period - Michael Cammalleri is hit by Danny DeKeyser and loses puck.
14:14 of 2nd period - Icing by Andrew Shaw.
14:15 of 2nd period - Penalty to Brayden Schenn is over, Brayden Schenn is back on ice.
14:15 of 2nd period - Tyler Bertuzzi wins face-off versus Nikita Kucherov in Detroit Red Wings zone.
14:20 of 2nd period - Brayden Schenn is hit by Andrew Shaw and loses puck.
14:39 of 2nd period - Wrist shot by Teuvo Teravainen.
14:39 of 2nd period - Shot Misses the Net.
14:41 of 2nd period - Slapshot by Jonathan Ericsson.
14:41 of 2nd period - Deflect By Teuvo Teravainen.
14:41 of 2nd period - Shot Misses the Net.
14:41 of 2nd period - Puck is out of play.
14:42 of 2nd period - Frans Nielsen wins face-off versus Michael Cammalleri in Ottawa Senators zone.
15:03 of 2nd period - Thomas Chabot is hit by Tyler Bertuzzi and loses puck.
15:24 of 2nd period - Slapshot by Mark Stone.
15:24 of 2nd period - Stopped by Jimmy Howard with a rebound.
16:05 of 2nd period - Thomas Vanek is hit by Jim O'Brien.
17:51 of 2nd period - Frans Nielsen is hit by Jean-Gabriel Pageau.
17:55 of 2nd period - Nick Jensen is hit by Ryan Dzingel.
18:11 of 2nd period - Mattias Janmark is hit by Brandon Saad and loses puck.
18:47 of 2nd period - Luke Glendening is hit by Dion Phaneuf and loses puck.
19:09 of 2nd period - Teuvo Teravainen is hit by Jean-Gabriel Pageau and loses puck.
19:20 of 2nd period - Slapshot by Jean-Gabriel Pageau.
19:20 of 2nd period - Shot Misses the Net.
19:34 of 2nd period - Niklas Kronwall is hit by Charlie Coyle and loses puck.
19:51 of 2nd period - Slapshot by Jean-Gabriel Pageau.
19:51 of 2nd period - Stopped by Jimmy Howard without a rebound.
19:52 of 2nd period - Henrik Zetterberg wins face-off versus Dylan Larkin in Detroit Red Wings zone.
19:52 of 2nd period - Henrik Zetterberg is hit by Dylan Larkin.
19:58 of 2nd period - Sami Vatanen is hit by Justin Abdelkader and loses puck.
Goals for this period are 1 for Detroit Red Wings vs 0 for Ottawa Senators.
Shots for this period are 8 for Detroit Red Wings vs 13 for Ottawa Senators.

3rd period


0:01 of 3rd period - Henrik Zetterberg wins face-off versus Brayden Schenn in neutral zone.
0:04 of 3rd period - Mark Stone is hit by Justin Abdelkader and loses puck.
0:27 of 3rd period - Mattias Janmark is hit by Christopher DiDomenico and loses puck.
0:52 of 3rd period - Snap shot by Thomas Vanek.
0:52 of 3rd period - Stopped by Ben Bishop with a rebound.
0:54 of 3rd period - Slapshot by Niklas Kronwall.
0:54 of 3rd period - Stopped by Ben Bishop with a rebound.
0:56 of 3rd period - Snap shot by Niklas Kronwall.
0:56 of 3rd period - Shot Blocked by Chris Wideman.
1:24 of 3rd period - Snap shot by Brayden Schenn.
1:24 of 3rd period - Shot Misses the Net.
1:26 of 3rd period - Snap shot by Chris Wideman.
1:26 of 3rd period - Shot Blocked by Nick Jensen.
1:28 of 3rd period - Wrist shot by Nikita Kucherov.
1:28 of 3rd period - Deflect By Justin Abdelkader.
1:28 of 3rd period - Stopped by Jimmy Howard with a rebound.
1:30 of 3rd period - Wrist shot by Brayden Schenn.
1:30 of 3rd period - Goal by Brayden Schenn - Detroit Red Wings : 3 - Ottawa Senators : 2.
1:31 of 3rd period - Dylan Larkin wins face-off versus Tyler Bertuzzi in neutral zone.
1:38 of 3rd period - Icing by Tyler Bertuzzi.
1:39 of 3rd period - Dylan Larkin wins face-off versus Tyler Bertuzzi in Detroit Red Wings zone.
1:40 of 3rd period - Snap shot by Brandon Saad.
1:40 of 3rd period - Shot Misses the Net.
1:54 of 3rd period - Mattias Janmark is hit by Dylan Larkin.
2:10 of 3rd period - Snap shot by Darren Helm.
2:10 of 3rd period - Shot Misses the Net.
2:12 of 3rd period - Wrist shot by Tyler Bertuzzi.
2:12 of 3rd period - Stopped by Ben Bishop with a rebound.
2:14 of 3rd period - Wrist shot by Tyler Bertuzzi.
2:14 of 3rd period - Shot Misses the Net.
2:36 of 3rd period - Danny DeKeyser is hit by Dion Phaneuf and loses puck.
2:51 of 3rd period - Wrist shot by Mattias Janmark.
2:51 of 3rd period - Stopped by Ben Bishop without a rebound.
2:52 of 3rd period - Jean-Gabriel Pageau wins face-off versus Henrik Zetterberg in Ottawa Senators zone.
3:22 of 3rd period - Wrist shot by Nikita Kucherov.
3:22 of 3rd period - Shot Blocked by Niklas Kronwall.
3:24 of 3rd period - Slapshot by Sami Vatanen.
3:24 of 3rd period - Stopped by Jimmy Howard with a rebound.
3:26 of 3rd period - Wrist shot by Brayden Schenn.
3:26 of 3rd period - Stopped by Jimmy Howard without a rebound.
3:27 of 3rd period - Michael Cammalleri wins face-off versus Justin Abdelkader in Detroit Red Wings zone.
3:40 of 3rd period - Wrist shot by Justin Abdelkader.
3:40 of 3rd period - Stopped by Ben Bishop without a rebound.
3:41 of 3rd period - Brayden Schenn wins face-off versus Frans Nielsen in Ottawa Senators zone.
4:07 of 3rd period - Brayden Schenn is hit by Justin Abdelkader and loses puck.
4:12 of 3rd period - Snap shot by Tomas Tatar.
4:12 of 3rd period - Deflect By Henrik Zetterberg.
4:12 of 3rd period - Shot Blocked by Brayden Schenn.
4:12 of 3rd period - Puck is out of play.
4:13 of 3rd period - Henrik Zetterberg wins face-off versus Jean-Gabriel Pageau in Ottawa Senators zone.
4:19 of 3rd period - Off-side.
4:20 of 3rd period - Henrik Zetterberg wins face-off versus Jean-Gabriel Pageau in neutral zone.
4:44 of 3rd period - Michael Cammalleri is hit by Thomas Vanek and loses puck.
5:21 of 3rd period - Icing by Nikita Kucherov.
5:22 of 3rd period - Luke Glendening wins face-off versus Brayden Schenn in Ottawa Senators zone.
5:23 of 3rd period - Slapshot by Tyler Bertuzzi.
5:23 of 3rd period - Shot Misses the Net.
5:37 of 3rd period - Sami Vatanen is hit by Travis Hamonic.
6:05 of 3rd period - Snap shot by Dion Phaneuf.
6:05 of 3rd period - Shot Blocked by Niklas Kronwall.
6:07 of 3rd period - Slapshot by Sami Vatanen.
6:07 of 3rd period - Deflect By Dylan Larkin.
6:07 of 3rd period - Shot Blocked by Tyler Bertuzzi.
6:07 of 3rd period - Puck is out of play.
6:08 of 3rd period - Tyler Bertuzzi wins face-off versus Dylan Larkin in Detroit Red Wings zone.
6:08 of 3rd period - Mike Green is hit by Brandon Saad and loses puck.
6:19 of 3rd period - Snap shot by Dylan Larkin.
6:19 of 3rd period - Stopped by Jimmy Howard with a rebound.
6:21 of 3rd period - Slapshot by Dylan Larkin.
6:21 of 3rd period - Stopped by Jimmy Howard with a rebound.
6:23 of 3rd period - Snap shot by Erik Karlsson.
6:23 of 3rd period - Shot Misses the Net.
6:37 of 3rd period - Slapshot by Henrik Zetterberg.
6:37 of 3rd period - Shot Hit the Post.
6:55 of 3rd period - Snap shot by Thomas Vanek.
6:55 of 3rd period - Shot Misses the Net.
8:16 of 3rd period - Erik Karlsson is hit by Thomas Vanek and loses puck.
8:21 of 3rd period - Snap shot by Frans Nielsen.
8:21 of 3rd period - Shot Misses the Net.
8:23 of 3rd period - Wrist shot by Teuvo Teravainen.
8:23 of 3rd period - Shot Misses the Net.
8:25 of 3rd period - Slapshot by Teuvo Teravainen.
8:25 of 3rd period - Shot Misses the Net.
8:33 of 3rd period - Slapshot by Cody Ceci.
8:33 of 3rd period - Stopped by Jimmy Howard without a rebound.
8:34 of 3rd period - Tyler Bertuzzi wins face-off versus Jean-Gabriel Pageau in Detroit Red Wings zone.
9:21 of 3rd period - Snap shot by Nail Yakupov.
9:21 of 3rd period - Stopped by Jimmy Howard without a rebound.
9:22 of 3rd period - Frans Nielsen wins face-off versus Nail Yakupov in Detroit Red Wings zone.
9:24 of 3rd period - Icing by Teuvo Teravainen.
9:25 of 3rd period - Frans Nielsen wins face-off versus Michael Cammalleri in Detroit Red Wings zone.
9:32 of 3rd period - Snap shot by Thomas Vanek.
9:32 of 3rd period - Stopped by Ben Bishop without a rebound.
9:33 of 3rd period - Jean-Gabriel Pageau wins face-off versus Henrik Zetterberg in Ottawa Senators zone.
9:33 of 3rd period - Jean-Gabriel Pageau is hit by Tomas Tatar.
9:47 of 3rd period - Snap shot by Jean-Gabriel Pageau.
9:47 of 3rd period - Shot Blocked by Mike Green.
10:03 of 3rd period - Off-side.
10:04 of 3rd period - Frans Nielsen wins face-off versus Dylan Larkin in neutral zone.
10:33 of 3rd period - Off-side.
10:34 of 3rd period - Brayden Schenn wins face-off versus Henrik Zetterberg in neutral zone.
10:37 of 3rd period - Slapshot by Erik Karlsson.
10:37 of 3rd period - Shot Blocked by Niklas Kronwall.
10:39 of 3rd period - Wrist shot by Mark Stone.
10:39 of 3rd period - Stopped by Jimmy Howard with a rebound.
10:41 of 3rd period - Snap shot by Nikita Kucherov.
10:41 of 3rd period - Shot Misses the Net.
11:27 of 3rd period - Wrist shot by Teuvo Teravainen.
11:27 of 3rd period - Shot Misses the Net.
12:05 of 3rd period - Tyler Bertuzzi is hit by Chris Wideman and loses puck.
12:24 of 3rd period - Wrist shot by Dylan Larkin.
12:24 of 3rd period - Stopped by Jimmy Howard with a rebound.
13:52 of 3rd period - Snap shot by Jean-Gabriel Pageau.
13:52 of 3rd period - Stopped by Jimmy Howard without a rebound.
13:53 of 3rd period - Frans Nielsen wins face-off versus Brayden Schenn in Detroit Red Wings zone.
14:02 of 3rd period - Backhand shot by Nikita Kucherov.
14:02 of 3rd period - Shot Blocked by Niklas Kronwall.
14:04 of 3rd period - Snap shot by Thomas Chabot.
14:04 of 3rd period - Deflect By Thomas Vanek.
14:04 of 3rd period - Stopped by Jimmy Howard with a rebound.
14:06 of 3rd period - Slapshot by Nikita Kucherov.
14:06 of 3rd period - Shot Misses the Net.
14:08 of 3rd period - Slapshot by Thomas Chabot.
14:08 of 3rd period - Shot Blocked by Mike Green.
14:10 of 3rd period - Snap shot by Mark Stone.
14:10 of 3rd period - Deflect By Nikita Kucherov.
14:10 of 3rd period - Shot Blocked by Mike Green.
14:10 of 3rd period - Puck is out of play.
14:11 of 3rd period - Henrik Zetterberg wins face-off versus Dylan Larkin in Detroit Red Wings zone.
14:18 of 3rd period - Slapshot by Jonathan Ericsson.
14:18 of 3rd period - Stopped by Ben Bishop without a rebound.
14:19 of 3rd period - Dylan Larkin wins face-off versus Henrik Zetterberg in Ottawa Senators zone.
15:07 of 3rd period - Cody Ceci is hit by Teuvo Teravainen and loses puck.
15:22 of 3rd period - Slapshot by Mike Green.
15:22 of 3rd period - Deflect By Justin Abdelkader.
15:22 of 3rd period - Shot Misses the Net.
15:22 of 3rd period - Puck is out of play.
15:23 of 3rd period - Henrik Zetterberg wins face-off versus Brayden Schenn in Ottawa Senators zone.
15:26 of 3rd period - Snap shot by Justin Abdelkader.
15:26 of 3rd period - Shot Misses the Net.
15:46 of 3rd period - Snap shot by Tyler Bertuzzi.
15:46 of 3rd period - Stopped by Ben Bishop without a rebound.
15:47 of 3rd period - Andrew Shaw wins face-off versus Jean-Gabriel Pageau in Ottawa Senators zone.
15:50 of 3rd period - Snap shot by Tyler Bertuzzi.
15:50 of 3rd period - Shot Blocked by Chris Wideman.
15:52 of 3rd period - Slapshot by Tyler Bertuzzi.
15:52 of 3rd period - Stopped by Ben Bishop without a rebound.
15:53 of 3rd period - Jean-Gabriel Pageau wins face-off versus Tyler Bertuzzi in Ottawa Senators zone.
16:40 of 3rd period - Off-side.
16:41 of 3rd period - Brayden Schenn wins face-off versus Frans Nielsen in neutral zone.
17:39 of 3rd period - Off-side.
17:40 of 3rd period - Jean-Gabriel Pageau wins face-off versus Luke Glendening in neutral zone.
18:08 of 3rd period - Snap shot by Michael Cammalleri.
18:08 of 3rd period - Stopped by Jimmy Howard with a rebound.
19:00 of 3rd period - Minor Penalty to Travis Hamonic for Roughing.
19:01 of 3rd period - Luke Glendening wins face-off versus Ryan Dzingel in Detroit Red Wings zone.
19:11 of 3rd period - Ottawa Senators, Ben Bishop is pulled from the net.
19:25 of 3rd period - Mike Green is hit by Mark Stone and loses puck.
Goals for this period are 0 for Detroit Red Wings vs 1 for Ottawa Senators.
Shots for this period are 9 for Detroit Red Wings vs 13 for Ottawa Senators.